 Dungeon Crawl Stone Soup version 0.29-a0-297-g7659ce593d (console) character file.

Game seed: 5494825536793976624

1378 Gather the Magician (level 8, -3/60 HPs)
             Began as a Mummy Conjurer on Mar 21, 2022.
             Slain by a wight
             ... wielding a +3 spear
              (10 damage)
             ... on level 5 of the Dungeon.
             The game lasted 00:22:54 (6580 turns).

Gather the Magician (Mummy Conjurer)                Turns: 6580, Time: 00:22:54

Health: -3/60      AC:  3    Str: 11    XL:     8   Next: 39%
Magic:  6/17       EV: 12    Int: 19    God:
Gold:   79         SH:  0    Dex: 10    Spells: 9/19 levels left

rFire   x . .      SeeInvis .   k - +5 trident (freeze)
rCold   + . .      Faith    .   (no shield)
rNeg    + + +      Spirit   .   a - +0 robe
rPois   ∞          Reflect  .   (no helmet)
rElec   .          Harm     .   (no cloak)
rCorr   .          Rampage  .   f - +0 pair of gloves
Will    .....                   (no boots)
Stlth   ++........              (no amulet)
HPRegen 0.20/turn               (no ring)
MPRegen 0.15/turn               (no ring)

@: weak-willed
A: cold resistance 1, negative energy resistance 3, torment resistance 2, heat
vulnerability 1, in touch with death 1, no potions
a: no special abilities


You were on level 5 of the Dungeon.
You visited 1 branch of the dungeon, and saw 5 of its levels.

You collected 163 gold pieces.
You spent 84 gold pieces at shops.

Inventory:

Hand Weapons
 b - a +0 dagger
 k - a +5 trident of freezing (weapon)
Missiles
 j - 13 poisoned darts (quivered)
Armour
 a - a +0 robe (worn)
 f - a +0 pair of gloves (worn)
Jewellery
 h - an amulet of guardian spirit
Scrolls
 c - a scroll of immolation
 d - a scroll of fog
 e - 2 scrolls of brand weapon
 n - a scroll of magic mapping


   Skills:
 + Level 4.0 Fighting
 - Level 2.5 Dodging
 - Level 1.5 Stealth
 + Level 6.3 Spellcasting
 + Level 6.1 Conjurations
 - Level 4.0 Hexes


You had 9 spell levels left.
You knew the following spells:

 Your Spells              Type           Power      Damage    Failure   Level
a - Searing Ray           Conj           58%        2d6       1%          2
b - Magic Dart            Conj           100%       1d8       1%          1
d - Dazzling Flash        Conj/Hex       50%        N/A       4%          3
f - Fulminant Prism       Conj/Hex       12%        3d9       14%         4

Your spell library contained the following spells:

 Spells                   Type           Power      Damage    Failure   Level
 Pain                     Necr           36%        1d5       11%         1
 Corpse Rot               Necr/Air       18%        N/A       16%         2
 Iskenderun's Mystic Bla  Conj/Tloc      17%        2d5       30%         4
 Irradiate                Conj/Tmut      8%         3d16      65%         5
 Dispel Undead            Necr           9%         3d8       71%         4
 Petrify                  Tmut/Erth      6%         N/A       71%         4
 Agony                    Necr           9%         N/A       96%         5
 Excruciating Wounds      Necr           4%         N/A       96%         5
 Death Channel            Necr           4%         N/A       100%        6
 Beastly Appendage        Tmut           Unusable   N/A       N/A         1
 Sublimation of Blood     Necr           Unusable   N/A       N/A         2
 Wereblood                Tmut           Unusable   N/A       N/A         2
 Spider Form              Tmut/Pois      Unusable   N/A       N/A         3

Dungeon Overview and Level Annotations

Branches:
Dungeon (5/15)
 Temple: D:4-7

Altars:
Makhleb
Zin

Shops:
D:1 *?


Innate Abilities, Weirdness & Mutations

You are immune to poison.
Your flesh is cold resistant. (rC+)
You are immune to negative energy. (rN+++)
You are immune to unholy pain and torment.
You are vulnerable to heat. (rF-)
You are in touch with the powers of death.
You do not drink.


Message History

You feel yourself speed up. The adder barely misses you.
The wight completely misses you. The adder barely misses you.
The wight barely misses you. x2
As you read the scroll labelled QYUXAGE FATHUC, it crumbles to dust.
It is a scroll of amnesia.
Really abort (and waste the scroll)?
Okay, then.
The adder closely misses you. The adder bites you.
The wight hits you from afar with a +0 spear!
The wight closely misses you.
Okay, then.
The adder attacks as you move away! The adder completely misses you.
The adder attacks as you move away! The adder closely misses you.
The wight attacks as you move away! The wight closely misses you.
The wight hits you from afar with a +3 spear!
* * * LOW HITPOINT WARNING * * *
The wight barely misses you.
You aren't carrying any items that you can evoke.
Okay, then.
You start putting on your amulet.
You continue putting on your amulet of guardian spirit.
The adder closely misses you. The wight hits you with a +0 spear!
Keep equipping yourself? [Y]es or [N]o only, please.
Keep equipping yourself? [Y]es or [N]o only, please.
Keep equipping yourself?
You stop putting on your amulet.
* * * LOW HITPOINT WARNING * * *
The wight barely misses you.
Casting: Searing Ray (safe; 1% risk of failure)
Confirm with . or Enter, or press ? or * to list all spells.
Aiming: Searing Ray (safe; 1% risk of failure)
Press: ? - help, Shift-Dir - straight line, f - wight
Aim: a wight, wielding a +3 spear and wearing a +0 robe (79% to hit)
The searing ray hits the wight!
You destroy the wight!
The searing ray hits the wight but does no damage. (Press . to maintain the ray.)
The adder misses you. x2
The wight hits you from afar with a +3 spear!
You die...

*,,,,,,,* *,****
*,,,,,*,*#########,,,,*
*,,,,,*,*#.......#***,*
*,,,,,*,*#.......# *,***
*,,,..,,*#.......# *,,,*
***#.#***#.......# ***,*
####.#####.......# *,*
#..[....##.......# *,*
#.....#.##.zS....# *,*
#.....#.###S##z.## *,* #..†..#.#
#.@)..# *,* #.....#.# ####†##
*,* ####.......# #.########.#
#......##########.#........#
#.####.#####.....>z.########**##
##.###...........#...## *,,,,,.
...)....#####..#....#.# *#.#####
##.##...#* #..##....## #.....##
#.#.....#* #..#.....# #.,*#...
#........* #.....†..# #..##.##
###.....#* ##...>!..# #......Y


You could see 2 wights and an adder (summoned).

Vanquished Creatures
  Grinder (D:4)
  Sigmund (D:2)
  An ice beast (D:5)
  A black bear (D:5)
  A sky beast (D:5)
  2 ogres (D:4)
  A necrophage (D:5)
  A bullfrog (D:5)
  A scorpion (D:4)
  2 wights
  A hound (D:4)
  2 jellies
  3 iguanas
  Terence (D:2)
  6 adders
  4 gnolls (D:4)
  An ufetubus (D:5)
  A dart slug (D:3)
  3 orcs (D:3)
  5 ball pythons
  7 bats
  4 endoplasms
  3 giant cockroaches (D:4)
  8 goblins
  2 hobgoblins
  6 jackals (D:4)
  7 kobolds
  2 quokkas (D:2)
  3 frilled lizards (D:2)
  3 rats
84 creatures vanquished.

Vanquished Creatures (others)
  7 fulminant prisms
7 creatures vanquished.

Grand Total: 91 creatures vanquished

Notes
Turn   | Place    | Note
-------+----------+-------------------------------------------
     0 | D:1      | Gather the Mummy Conjurer began the quest for the Orb.
     0 | D:1      | Reached XP level 1. HP: 13/13 MP: 4/4
     2 | D:1      | Noticed an octopode
     2 | D:1      | Noticed an elf
     6 | D:1      | Noticed a ghoul
     8 | D:1      | Noticed a vampire
     8 | D:1      | Noticed a felid
    10 | D:1      | Noticed a formicid
    12 | D:1      | Noticed a naga
    12 | D:1      | Noticed a demigod
    14 | D:1      | Noticed a vine stalker
    14 | D:1      | Noticed a demonspawn
    16 | D:1      | Noticed a spriggan
    16 | D:1      | Noticed a merfolk
    18 | D:1      | Noticed a human
    18 | D:1      | Noticed a gargoyle
    20 | D:1      | Noticed an ogre
    20 | D:1      | Noticed a minotaur
    22 | D:1      | Noticed a troll
    22 | D:1      | Noticed a tengu
    24 | D:1      | Noticed a draconian
    24 | D:1      | Noticed a dwarf
    84 | D:1      | Found a faded altar of an unknown god.
    90 | D:1      | Found Noeriev's Magic Scroll Boutique.
   154 | D:1      | Found Soh Gufu's Assorted Antiques.
   508 | D:1      | Bought a scroll of identify for 28 gold pieces
   713 | D:1      | Reached XP level 2. HP: 15/20 MP: 0/6
   716 | D:1      | Learned a level 2 spell: Searing Ray
  1038 | D:2      | Reached skill level 1 in Fighting
  1153 | D:2      | Noticed Sigmund
  1234 | D:3      | Gained mutation: You are in touch with the powers of death.
                  | [Mummy growth]
  1234 | D:3      | Reached XP level 3. HP: 26/26 MP: 3/7
  2445 | D:2      | Killed Sigmund
  2446 | D:2      | Reached skill level 5 in Spellcasting
  2446 | D:2      | Reached XP level 4. HP: 8/32 MP: 0/11
  2446 | D:2      | Reached XP level 5. HP: 9/37 MP: 0/12
  2688 | D:2      | Learned a level 4 spell: Fulminant Prism
  2692 | D:2      | Learned a level 3 spell: Dazzling Flash
  2754 | D:1      | Bought a scroll of identify for 28 gold pieces
  2759 | D:1      | Bought a scroll of identify for 28 gold pieces
  2900 | D:2      | You fall into a shaft and drop 2 floors!
  3037 | D:4      | Reached XP level 6. HP: 44/44 MP: 8/14
  3400 | D:2      | Noticed Terence
  3409 | D:2      | Killed Terence
  4694 | D:4      | Reached skill level 5 in Conjurations
  4694 | D:4      | Reached skill level 1 in Hexes
  4853 | D:4      | Reached XP level 7. HP: 51/51 MP: 11/15
  4952 | D:4      | Found a burning altar of Makhleb.
  5280 | D:4      | Noticed Grinder
  5290 | D:4      | Killed Grinder
  5857 | D:5      | Entered Level 5 of the Dungeon
  6079 | D:4      | Reached XP level 8. HP: 51/58 MP: 8/16
  6580 | D:5      | Slain by a wight

Illustrated notes

Levels and vault maps discovered:
D:1:      kb_arrival_jail, layout_basic, serial_shops,
          nicolae_shop_advertising_works [nicolae_subvault_shop_adworks],
          nicolae_shop_stone, ebering_ecumenical_altar_abandoned
D:2:      layout_rooms, uniq_sigmund, uniq_terence
D:3:      minmay_razor_zed, layout_loops_ring, zin_academy
D:4:      layout_layer_cave, lemuel_doored_altar, minmay_misc_feat_alley,
          uniq_grinder
D:5:      layout_loops_cross

Skill      XL: |  1  2  3  4  5  6  7  8 |
---------------+-------------------------+-----
Spellcasting   | 3 5 6 |  6.3
Fighting       | 1 2 3 4 |  4.0
Conjurations   | 4 5 6 |  6.1
Hexes          | 1 3 4 |  4.0
Dodging        | 2 |  2.5
Stealth        | |  1.5

Action                   |  1- 3 |  4- 6 |  7- 9 || total
-------------------------+-------+-------+-------++-------
Melee: Dagger            |     4 |       |       ||     4
       Trident           |     7 |    11 |       ||    18
       Punch             |     1 |       |       ||     1
Throw: Dart              |       |    17 |     3 ||    20
       Throwing net      |       |     1 |       ||     1
 Cast: Magic Dart        |    12 |       |       ||    12
       Searing Ray       |    25 |    30 |    19 ||    74
       Fulminant Prism   |       |       |     7 ||     7
  Use: Scroll            |     3 |     8 |     4 ||    15
Armor: Robe              |    10 |    11 |     4 ||    25
Dodge: Dodged            |    13 |    25 |    26 ||    64

Table legend: (Time is in decaauts)
 A = Elapsed time spent in this place.
 B = Non-inter-level travel time spent in this place.
 C = Inter-level travel time spent in this place.
 D = Time resting spent in this place.
 E = Time spent auto-exploring this place.
 F = Levels seen in this place.
 G = Mean time per level.
                   A        B        C        D        E       F      G
               +--------+--------+--------+--------+--------+-----+--------+
         Total |   6598 |   6151 |    447 |    934 |   4433 |   5 | 1319.6 |
       Dungeon |   6598 |   6151 |    447 |    934 |   4433 |   5 | 1319.6 |
               +--------+--------+--------+--------+--------+-----+--------+

Top non-repeatable levels by time:
     D:3: 2104 daAuts
     D:4: 2060 daAuts
     D:1: 947 daAuts
     D:2: 840 daAuts
     D:5: 645 daAuts
